 Dungeon Crawl Stone Soup version 0.28.0-43-g3370ac3207 (webtiles) character file.

Game seed: 9991897729581718762

606 Cykl0x the Digger (level 7, -3/37 HPs)
             Began as a Gargoyle Earth Elementalist on Mar 3, 2022.
             Killed by divine providence
             ... invoked by an orc priest
              (11 damage)
             ... on level 5 of the Dungeon.
             The game lasted 00:09:41 (6019 turns).

Cykl0x the Digger (Gargoyle Earth Elementalist)     Turns: 6019, Time: 00:09:42

Health: -3/37      AC:  8    Str: 11    XL:     7   Next: 42%
Magic:  8/13       EV: 11    Int: 18    God:
Gold:   270        SH:  0    Dex: 10    Spells: 10/14 levels left

rFire   . . .      SeeInvis .   m - +9 staff of Wucad Mu {*channel}
rCold   . . .      Faith    .   (no shield)
rNeg    + . .      Spirit   .   j - +0 leather armour
rPois   ∞          Reflect  .   o - +0 helmet
rElec   +          Harm     .   (no cloak)
rCorr   .          Rampage  .   (no gloves)
Will    .....                   (no boots)
Stlth   +.........              (no amulet)
HPRegen 0.12/turn               a - ring of wizardry
MPRegen 0.13/turn               (no ring)

@: confused
A: sickness immunity, AC +4, negative energy resistance 1, electricity
resistance, torment resistance 1, petrification resistance
a: no special abilities


You were on level 5 of the Dungeon.
You visited 1 branch of the dungeon, and saw 5 of its levels.

You collected 270 gold pieces.

Inventory:

Hand Weapons
 f - a +0 short sword
 i - a +2 falchion of flaming
 m - the +9 staff of Wucad Mu (weapon) {*channel}
   (You acquired it on level 4 of the Dungeon)

   It occasionally powers its wielder's spells, but with a chance of causing
   confusion or draining the wielder's intelligence.
   It becomes more likely to activate and less likely to backfire with increased
   Evocations skill.
Missiles
 c - 40 stones
Armour
 b - a +0 robe
 j - a +0 leather armour (worn)
 o - a +0 helmet (worn)
 p - a +0 scale mail
Jewellery
 a - a ring of wizardry (left hand)
Wands
 k - a wand of mindburst (10)
 n - a wand of acid (12)
 q - a wand of flame (12)
Scrolls
 h - a scroll of identify
 s - a scroll of teleportation
Potions
 d - a potion of flight
 g - a potion of heal wounds
 l - a potion of attraction


   Skills:
 + Level 0.3 Fighting
 + Level 0.1(0.2) Short Blades
 + Level 0.2(0.3) Long Blades
 + Level 0.6 Armour
 + Level 2.0 Dodging
 - Level 2.1 Stealth
 + Level 4.3 Spellcasting
 * Level 3.8 Conjurations
 - Level 0.7 Transmutations
 + Level 6.3 Earth Magic
 * Level 1.3 Evocations


You had 10 spell levels left.
You knew the following spells:

 Your Spells              Type           Power      Damage    Failure   Level
a - Sandblast             Erth           52%        2d12      1%          1
b - Stone Arrow           Conj/Erth      44%        3d9       2%          3

Your spell library contained the following spells:

 Spells                   Type           Power      Damage    Failure   Level
 Passwall                 Tmut/Erth      13%        N/A       2%          2
 Animate Skeleton         Necr           6%         N/A       8%          1
 Freeze                   Ice            12%        1d4       8%          1
 Pain                     Necr           12%        1d4       8%          1
 Conjure Flame            Conj/Fire      10%        6-21      11%         3
 Petrify                  Tmut/Erth      16%        N/A       17%         4
 Ignite Poison            Fire/Tmut/Pois 4%         N/A       21%         3
 Frozen Ramparts          Ice            6%         1d2       22%         3
 Vampiric Draining        Necr           3%         2d6       22%         3
 Hailstorm                Conj/Ice       10%        3d5       32%         4
 Sticky Flame             Conj/Fire      10%        2d3       32%         4


Dungeon Overview and Level Annotations

Branches:
Dungeon (5/15)
 Temple: D:4-7

Altars:
Ashenzari
Cheibriados
Kikubaaqudgha

Shops:
D:1 *


Innate Abilities, Weirdness & Mutations

You are immune to sickness and miasma.
Your stone body is resilient. (AC +4)
You are immune to poison.
You resist negative energy. (rN+)
You are resistant to electric shocks. (rElec)
You are resistant to unholy torment.
You are immune to petrification.


Message History

You climb downwards.
Your summoned allies are left behind.
Found 18 stones and 28 arrows.
There is a stone staircase leading up here. 2 orc wizards come into view.
The orc wizard shouts!
An orc wizard comes into view. It is wielding a +1 dagger of pain.
The orc wizard casts a spell at you. You resist with some effort.
An orc priest and an orc come into view.
The orc is wielding a +1 short sword of speed.
You can't see any susceptible monsters within range! (Use Z to cast anyway.)
Found 14 gold pieces.
The orc priest shouts!
The orc wizard casts a spell at you. The magic dart hits you.
The stone arrow misses the orc wizard.
The stone arrow hits the orc wizard.
The orc wizard is moderately wounded.
The stone arrow hits the orc wizard!
You kill the orc wizard!
The orc wizard casts a spell at you. The puff of flame hits you!
The orc priest invokes the aid of Beogh against you.
Beogh smites you!
* * * LOW HITPOINT WARNING * * *
The orc wizard gestures at you while chanting.
You resist with some effort.
The orc wizard points at you and mumbles some strange words.
You are confused.
The orc wizard gestures wildly while chanting.
The orc wizard flickers and vanishes!
Deactivating autopickup; reactivate with Ctrl-A.
Okay, then.
You are too confused!
Unknown command.
Okay, then.
The orc closely misses you.
The orc wizard hits you but does no damage.
The orc priest calls down the wrath of Beogh upon you.
Beogh smites you!
You die...

#............
............
#..........###
.............
......(....#
...........#
.......{...#
.....).oo..#
#......o@..#
#.........<#
#.........##
#........(#
...(#######
.... ..$


You could see an orc priest, an orc wizard and an orc.

Vanquished Creatures
  Edmund (D:4)
  An orc warrior (D:3)
  A hound (D:4)
  An iguana (D:3)
  3 orc wizards
  A hound skeleton (D:4)
  Robin (D:4)
  7 gnolls
  10 adders
  3 dart slugs
  2 orcs
  6 ball pythons
  8 bats
  8 endoplasms
  6 giant cockroaches
  12 goblins
  11 hobgoblins
  6 kobolds
  4 quokkas
  3 frilled lizards (D:3)
  4 rats
99 creatures vanquished.

Vanquished Creatures (others)
  8 plants (D:4)
8 creatures vanquished.

Grand Total: 107 creatures vanquished

Notes
Turn   | Place    | Note
-------+----------+-------------------------------------------
     0 | D:1      | Cykl0x the Gargoyle Earth Elementalist began the quest for
                  | the Orb.
     0 | D:1      | Reached XP level 1. HP: 10/10 MP: 3/3
   105 | D:1      | Found Mojioto's Assorted Antiques.
   152 | D:1      | Reached skill level 4 in Earth Magic
   152 | D:1      | Reached XP level 2. HP: 15/15 MP: 3/5
   503 | D:1      | Found a faded altar of an unknown god.
   877 | D:2      | Reached XP level 3. HP: 15/19 MP: 3/6
   884 | D:1      | Learned a level 3 spell: Stone Arrow
  1174 | D:2      | Reached skill level 1 in Conjurations
  1579 | D:2      | Reached XP level 4. HP: 24/24 MP: 4/8
  1874 | D:2      | Found a broken altar of Ashenzari.
  2608 | D:2      | Found a broken altar of Ashenzari.
  3128 | D:3      | Reached XP level 5. HP: 28/28 MP: 5/9
  3845 | D:3      | Found an ancient bone altar of Kikubaaqudgha.
  3886 | D:3      | Reached skill level 5 in Earth Magic
  4363 | D:4      | Noticed Robin
  4606 | D:4      | Killed Robin
  4607 | D:4      | Reached XP level 6. HP: 30/32 MP: 4/11
  4696 | D:4      | Noticed Edmund
  4703 | D:4      | Killed Edmund
  4706 | D:4      | Identified a scroll of acquirement
  4706 | D:4      | Acquired the +9 staff of Wucad Mu {*channel}
  4706 | D:4      | Found the +9 staff of Wucad Mu {*channel}
  5069 | D:4      | Reached skill level 6 in Earth Magic
  5208 | D:4      | Reached XP level 7. HP: 36/36 MP: 4/13
  5380 | D:4      | Found a snail-covered altar of Cheibriados.
  5606 | D:4      | Reached skill level 1 in Evocations
  6009 | D:5      | Entered Level 5 of the Dungeon
  6019 | D:5      | Killed from afar by an orc priest

Illustrated notes

Levels and vault maps discovered:
D:1:      roderic_crop_circles_arrival_small, layout_basic,
          hellmonk_ecumenical_altar_inner_sanctum, serial_shops,
          nicolae_shop_competitors_out_of_business
D:2:      layout_loops_ring, basic_altar, minmay_misc_feat_room
D:3:      layout_loops_corners, mainiacjoe_overflow_24_doors, serial_rivers,
          chequers_serial_rivers_micro_b, chequers_serial_rivers_small_a,
          chequers_serial_rivers_small_a, chequers_serial_rivers_micro_b
D:4:      cheibrodos_quashed, layout_gridville, cheibriados_altar_1,
          guppyfry_early_lair_pool, uniq_robin, uniq_edmund
D:5:      layout_basic, minmay_temple_entry_glass

Skill      XL: |  1  2  3  4  5  6  7 |
---------------+----------------------+-----
Earth Magic    | 4 5 6 |  6.3
Conjurations   | 1 2 3 |  3.8
Spellcasting   | 3 4 |  4.3
Dodging        | 2 |  2.0
Evocations     | 1 |  1.3
Fighting       | |  0.3
Short Blades   | |  0.1
Long Blades    | |  0.2
Armour         | |  0.6
Stealth        | |  2.1
Transmutations | |  0.7

Action                   |  1- 3 |  4- 6 |  7- 9 || total
-------------------------+-------+-------+-------++-------
Melee: Short sword       |     1 |       |       ||     1
       Falchion          |       |    13 |       ||    13
       Staff             |       |       |     6 ||     6
 Cast: Sandblast         |    24 |    53 |     1 ||    78
       Stone Arrow       |     8 |    31 |    12 ||    51
Evoke: Wand              |       |     1 |       ||     1
  Use: Scroll            |     2 |     7 |     2 ||    11
       Potion            |       |       |     1 ||     1
Armor: Robe              |     2 |    21 |       ||    23
       Leather armour    |       |       |     9 ||     9
Dodge: Dodged            |     5 |    43 |     8 ||    56
